 Dungeon Crawl Stone Soup version 0.24.0-123-gd5b16e6ec5 (webtiles) character file.

Game seed: 5618992152365366281, levelgen mode: deterministic

65 Chiseanne the Magician (level 3, -1/24 HPs)
             Began as a Demonspawn Wizard on Jan 20, 2020.
             Slain by a jackal (2 damage)
             ... on level 2 of the Dungeon.
             The game lasted 00:01:58 (2070 turns).

Chiseanne the Magician (Demonspawn Wizard)          Turns: 2070, Time: 00:01:59

Health: -1/24      AC:  2    Str:  7    XL:     3   Next: 94%
Magic:  0/8        EV: 12    Int: 20    God:
Gold:   46         SH:  0    Dex: 11    Spells: 8/9 levels left

rFire    . . .     SeeInvis .   f - +2 short sword (venom)
rCold    . . .     Gourm    .   (no shield)
rNeg     . . .     Faith    .   a - +0 robe
rPois    .         Spirit   +   b - +0 hat
rElec    .         Reflect  .   (no cloak)
rCorr    .         Harm     .   (no gloves)
MR       .....                  (no boots)
Stlth    ++........             (no amulet)
HPRegen  0.08/turn              (no ring)
MPRegen  0.11/turn              (no ring)

@: lethally poisoned (-1 -> -2)
A: magic shield
a: no special abilities


You were on level 2 of the Dungeon.
You were not hungry.

You visited 1 branch of the dungeon, and saw 2 of its levels.

You collected 46 gold pieces.

Inventory:

Hand Weapons
 f - a +2 short sword of venom (weapon)
Missiles
 e - 39 stones (quivered)
 j - 57 bolts
 k - 44 arrows
 l - 17 poisoned darts
 p - 26 sling bullets
Armour
 a - a +0 robe (worn)
 b - a +0 hat (worn)
Scrolls
 c - 3 scrolls of amnesia {unknown}
 g - a scroll of blinking {unknown}
 i - a scroll of remove curse {unknown}
 n - a scroll of identify {unknown}
 t - a scroll of enchant armour {unknown}
Potions
 h - a potion of degeneration {unknown}
 m - a potion of lignification {unknown}
 o - a potion of resistance {unknown}
 r - a potion of brilliance {unknown}
Comestibles
 d - 4 rations
 s - 2 chunks of flesh


   Skills:
 - Level 1.7 Dodging
 - Level 1.7 Stealth
 * Level 3.9 Spellcasting
 * Level 2.7 Conjurations
   Level 1.0 Summonings
   Level 0.8 Translocations


You had 8 spell levels left.
You knew the following spells:

 Your Spells              Type           Power        Failure   Level  Hunger
a - Magic Dart            Conj           ###.         4%          1    None

Your spell library contained the following spells:

 Spells                   Type           Power        Failure   Level  Hunger
 Call Imp                 Summ           #.......     13%         2    ##.....
 Blink                    Tloc           N/A          14%         2    ##.....
 Slow                     Hex            #.......     21%         2    ##.....
 Conjure Flame            Conj/Fire      #.......     22%         3    ###....
 Mephitic Cloud           Conj/Pois/Air  #.......     26%         3    ###....


Dungeon Overview and Level Annotations

Branches:
Dungeon (2/15)

Altars:


Innate Abilities, Weirdness & Mutations

When hurt, damage is shared between your health and your magic reserves.


Message History

You feel sick.
A jackal comes into view.
Okay, then.
The jackal barks!
You kill the adder!
You hit the jackal.
The jackal is poisoned.
The jackal is lightly wounded.
* * * LOW HITPOINT WARNING * * *
You feel sick.
The jackal bites you but does no damage.
The jackal misses you.
You closely miss the jackal.
The jackal is lightly wounded.
The jackal bites you but does no damage.
The jackal bites you.
* * * LOW HITPOINT WARNING * * *
It was a potion of cancellation.
You feel magically purged.
* * * LOW HITPOINT WARNING * * *
You feel sick. The jackal bites you.
You die...

...... ..###
......###.#.#.##
......††##...#.# ...
.......#..#.##.# #......
......##.###.#.#.#......
......##..#).#..##......
....##..##..#.# .#......
.##. #h##.###.# ..#.....
# #.@#.#...##.##.....
#...##.[.###.)##......
##....###.#.)#........
#......#.#.##.#......
#... ..#..##.........
##.. .........####... #.
......##....##... #.
......##.....#...
.............#...


You could see a jackal.

Vanquished Creatures
  An adder (D:2)
  An ooze (D:2)
  A worm (D:2)
  2 dart slugs
  4 giant cockroaches
  3 goblins
  2 hobgoblins
  7 jackals
  A quokka (D:2)
  5 bats (D:1)
  3 frilled lizards (D:1)
  10 kobolds
  3 rats
43 creatures vanquished.

Notes
Turn   | Place    | Note
-------+----------+-------------------------------------------
     0 | D:1      | Chiseanne the Demonspawn Wizard began the quest for the
                  | Orb.
     0 | D:1      | Reached XP level 1. HP: 13/13 MP: 4/4
   765 | D:1      | Gained mutation: When hurt, damage is shared between your
                  | health and your magic reserves. [demonic ancestry]
   765 | D:1      | Reached XP level 2. HP: 19/19 MP: 0/6
  1693 | D:2      | Reached XP level 3. HP: 24/24 MP: 0/8
  2070 | D:2      | HP: 1/24 [poisoned by an adder]
  2070 | D:2      | Slain by a jackal

Levels and vault maps discovered:
D:1:      saegor_arrival_simple_e, layout_rooms, grunt_decor_arrowhead,
          hex_intersection, minmay_tromino_i4
D:2:      layout_basic, nicolae_overflow_crystal_walls, minitemple,
          minmay_pentomino_pile

Skill      XL: |  1  2 |
---------------+-------+-----
Conjurations   | 2 |  2.7
Dodging        | |  1.7
Stealth        | |  1.7
Spellcasting   | |  3.9
Summonings     | |  1.0
Translocations | |  0.8

Action                   || total
-------------------------++-------
Melee: Unarmed           ||    20
       Short sword       ||    35
 Cast: Magic Dart        ||    73
  Use: Potion            ||     1
  Eat: Chunk             ||     3
Armor: Robe              ||    16
Dodge: Dodged            ||    44
